 Dungeon Crawl Stone Soup version 0.30-a0-737-gf23d94013f (webtiles) character file.

Game seed: 18254699122970030982

1047 IdlyInterested the Slasher (level 8, -1/60 HPs)
             Began as a Demonspawn Fighter on Feb 2, 2023.
             Slain by a white imp (5 damage)
             ... on level 5 of the Dungeon.
             The game lasted 00:13:59 (3830 turns).

IdlyInterested the Slasher (Demonspawn Fighter)     Turns: 3830, Time: 00:13:59

Health: -1/60      AC: 20    Str: 17    XL:     8   Next: 5%
Magic:  8/8        EV:  7    Int: 11    God:
Gold:   97         SH:  5    Dex: 15    Spells: 7/7 levels left

rFire   . . .      SeeInvis .    a - +1 long sword
rCold   . . .      Faith    .    c - +0 buckler
rNeg    . . .      Spirit   .    v - +7 chain mail of the Mackerel {rElec Int+2 Slay+6}
rPois   .          Reflect  .    t - +0 helmet
rElec   +          Harm     .    (no cloak)
rCorr   .          Rampage  .    (no gloves)
Will    .....                    (no boots) Stlth
                                 (no amulet)
HPRegen 0.30/turn                (no ring)
MPRegen 0.11/turn                (no ring)

@: no status effects
A: icy blue scales 2, spiny 1, weakness stinger 1
a: no special abilities


You were on level 5 of the Dungeon.
You visited 2 branches of the dungeon, and saw 6 of its levels.

You collected 180 gold pieces.
You spent 83 gold pieces at shops.

Inventory:

Hand Weapons
 a - a +1 long sword (weapon)
 q - a +0 falchion
Missiles
 e - 25 stones (quivered)
 l - a throwing net
 x - 2 poisoned darts
Armour
 c - a +0 buckler (worn)
 j - a +0 ring mail of cold resistance
 t - a +0 helmet (worn)
 v - the +7 chain mail of the Mackerel (worn) {rElec Int+2 Slay+6}
   (You took it off an orc on level 4 of the Dungeon)

   Int:       It affects your intelligence (+2).
   Slay:      It affects your accuracy & damage with ranged weapons and melee
   (+6).
   rElec:     It insulates you from electricity.
Jewellery
 k - a ring of fire
Wands
 p - a wand of charming (9)
 w - a wand of polymorph (8)
Scrolls
 g - a scroll of vulnerability
 i - a scroll of enchant weapon
 n - a scroll of torment {unknown}
Potions
 b - 2 potions of cancellation
 d - 2 potions of might
 f - 2 potions of attraction
 h - 6 potions of curing
 m - a potion of brilliance {unknown}
 o - a potion of heal wounds {unknown}
 r - a potion of berserk rage {unknown}
 s - a potion of lignification {unknown}
 u - a potion of flight {unknown}


   Skills:
 + Level 4.1 Fighting
 * Level 7.1 Long Blades
 - Level 1.0 Throwing
 - Level 3.0 Armour
 * Level 1.7 Dodging
 - Level 4.0 Shields
 - Level 1.0 Evocations


You had 7 spell levels left.
You didn't know any spells.
Your spell library was empty.

Dungeon Overview and Level Annotations

Branches:
Dungeon (5/15)             Temple (1/1) D:5

Altars:
Ashenzari
Cheibriados
Dithmenos
Fedhas
Gozag
Hepliaklqana
Kikubaaqudgha
Makhleb
Nemelex Xobeh
Okawaru
Ru
Sif Muna
Trog
Uskayaw
Vehumet
Wu Jian
Xom
Yredelemnul

Shops:
D:2 *


Innate Abilities, Weirdness & Mutations

You are mostly covered in icy blue scales. (AC +3)
You are partially covered in sharp spines.
You have a small tail.


Message History

The gnoll hits you with a +0 halberd. You block the gnoll's attack.
The white imp gestures at you. The puff of frost hits you.
The gnoll hits you but does no damage.
The gnoll sergeant is struck by your spines.
The gnoll sergeant hits you with a +0 vampiric spear.
The gnoll hits you but does no damage.
You barely miss the gnoll sergeant.
The gnoll sergeant is severely wounded.
The gnoll is struck by your spines. The gnoll barely misses you.
The gnoll hits you but does no damage.
The gnoll sergeant is struck by your spines.
The gnoll sergeant closely misses you. The gnoll is struck by your spines.
The gnoll hits you but does no damage.
You slash the gnoll sergeant!
You kill the gnoll sergeant!
The gnoll is struck by your spines.
The gnoll hits you but does no damage. x3
You have reached level 8!
You feel stronger. The gnoll closely misses you.
The gnoll hits you but does no damage. You block the white imp's attack.
Things that are here:
a +0 vampiric spear; a +0 ring mail You barely miss the gnoll.
The gnoll is lightly wounded.
The gnoll barely misses you. The gnoll hits you with a +0 club!
The gnoll is struck by your spines. The gnoll barely misses you.
The white imp hits you but does no damage.
You slash the gnoll!
You kill the gnoll!
The gnoll misses you. The gnoll hits you with a +0 club.
The white imp gestures at you. The puff of frost hits you!
* * * LOW HITPOINT WARNING * * *
You slash the gnoll!
You kill the gnoll!
The gnoll is struck by your spines. The gnoll hits you but does no damage.
The white imp hits you.
* * * LOW HITPOINT WARNING * * *
The white imp freezes you.
You die...

..# #.###### .#
#.#....# # #.# ###....#
.#### #..#
.##....##.....#+#...#
###....#..##........#+
###.......# #........##
.''.....+.#
#...g.....##
.##....##.#
+#.)@.......
.##.[..##.#
#..)5.....##
#.........###........##
#.........##........#+
#.............#+#...#
#.........##### #..#
#.........# #.#
#########.# .#
####......######## #


You could see a gnoll and a white imp.

Vanquished Creatures
  The ghost of jimonade the Cutter, a novice VSGl (D:5)
  An ogre (D:4)
  A bullfrog (D:5)
  A gnoll sergeant (D:5)
  2 scorpions (D:4)
  3 hounds
  3 orc priests (D:5)
  Ijyb (D:4)
  2 iguanas (D:4)
  2 orc wizards (D:4)
  7 gnolls
  3 adders
  A river rat (D:5)
  3 worms
  2 dart slugs (D:4)
  10 orcs
  5 endoplasms
  5 giant cockroaches
  10 goblins
  10 hobgoblins
  7 jackals
  6 kobolds
  5 quokkas
  6 ball pythons
  7 bats
  A frilled lizard (D:1)
  3 rats
108 creatures vanquished.

Vanquished Creatures (others)
  5 plants (D:4)
5 creatures vanquished.

Grand Total: 113 creatures vanquished

Notes
Turn   | Place    | Note
-------+----------+-------------------------------------------
     0 | D:1      | IdlyInterested the Demonspawn Fighter began the quest for
                  | the Orb.
     0 | D:1      | Reached XP level 1. HP: 18/18 MP: 1/1
    63 | D:1      | Reached skill level 2 in Long Blades
   176 | D:1      | Gained mutation: You are partially covered in icy blue
                  | scales. (AC +2) [demonic ancestry]
   176 | D:1      | Reached XP level 2. HP: 24/24 MP: 2/2
   335 | D:1      | Gained mutation: You have a small tail. [demonic ancestry]
   335 | D:1      | Reached XP level 3. HP: 29/29 MP: 3/3
   433 | D:1      | Reached skill level 1 in Dodging
   533 | D:2      | Reached skill level 3 in Long Blades
   536 | D:2      | Gained mutation: You are partially covered in sharp spines.
                  | [demonic ancestry]
   536 | D:2      | Reached XP level 4. HP: 33/35 MP: 4/4
   978 | D:2      | Found Wiaw's Assorted Antiques.
   986 | D:2      | Bought a glowing brown potion for 20 gold pieces
  1331 | D:3      | Found a faded altar of an unknown god.
  1351 | D:3      | Found a sparkling altar of Nemelex Xobeh.
  1463 | D:3      | Reached skill level 1 in Throwing
  1516 | D:2      | Bought a black potion for 20 gold pieces
  2058 | D:2      | Bought a scroll labelled WERGHU OKHLU for 23 gold pieces
  2058 | D:2      | Bought a fuming grey potion for 20 gold pieces
  2135 | D:4      | Gained mutation: You are mostly covered in icy blue scales.
                  | (AC +3) [demonic ancestry]
  2135 | D:4      | Reached XP level 5. HP: 41/41 MP: 5/5
  2143 | D:4      | Reached skill level 4 in Long Blades
  2143 | D:4      | Reached skill level 1 in Evocations
  2189 | D:4      | Identified the +7 chain mail of the Mackerel {rElec Int+2
                  | Slay+6}
  2424 | D:4      | Reached XP level 6. HP: 45/47 MP: 6/6
  2473 | D:4      | Reached skill level 5 in Long Blades
  2481 | D:4      | Noticed Ijyb
  2489 | D:4      | Killed Ijyb
  2995 | D:4      | Reached XP level 7. HP: 29/54 MP: 7/7
  3246 | D:5      | Entered Level 5 of the Dungeon
  3326 | D:5      | Found a staircase to the Ecumenical Temple.
  3402 | Temple   | Entered the Ecumenical Temple
  3402 | Temple   | Found a transporter.
  3402 | Temple   | Found a transporter.
  3404 | Temple   | Found a transporter.
  3404 | Temple   | Found a transporter.
  3543 | D:5      | Reached skill level 6 in Long Blades
  3616 | D:5      | Found a runed translucent door.
  3617 | D:5      | Noticed jimonade's ghost (novice VSGl)
  3638 | D:5      | Killed jimonade's ghost
  3646 | D:5      | Found a runed translucent door.
  3658 | D:5      | Reached skill level 7 in Long Blades
  3827 | D:5      | Reached XP level 8. HP: 26/60 MP: 8/8
  3830 | D:5      | Slain by a white imp

Illustrated notes

Levels and vault maps discovered:
D:1:      elethiomel_arrival_quiet, layout_rooms
D:2:      layout_basic, serial_shops, nicolae_shop_advertising_works
          [nicolae_subvault_shop_adworks], feat_on_display
D:3:      layout_loops_ring, mainiacjoe_overflow_24_doors,
          basic_ecumenical_altar, kennysheep_big_empty_room
D:4:      layout_basic, serial_bayou, serial_bayou_lagoon_a,
          serial_bayou_pond_d, serial_bayou_ford_a, serial_bayou_crossing,
          kennysheep_generic_room_2, uniq_ijyb
D:5:      layout_basic, minmay_temple_entry_proselytizer, ebering_ghost_sewer_f,
          nicolae_concentric_dashed_squares_wild, minmay_pentangle
Temple:   hellmonk_temple_divided_pantheon

Skill      XL: |  1  2  3  4  5  6  7 |
---------------+----------------------+-----
Long Blades    | 2 3 4 5 7 |  7.1
Armour         | 3 |  3.0
Dodging        | 1 |  1.7
Shields        | 3 4 |  4.0
Throwing       | 1 |  1.0
Evocations     | 1 |  1.0
Fighting       | 4 |  4.1

Action                     |  1- 3 |  4- 6 |  7- 9 || total
---------------------------+-------+-------+-------++-------
  Melee: Long sword        |    70 |   141 |    41 ||   252
         Tailslap          |     2 |    19 |     5 ||    26
  Throw: Stone             |       |     1 |       ||     1
    Use: Scroll            |       |     9 |     1 ||    10
 Armour: Scale mail        |    20 |       |       ||    20
         Ring mail         |    11 |    14 |       ||    25
         Plate armour      |       |    14 |       ||    14
         Chain mail        |       |    23 |    28 ||    51
  Dodge: Dodged            |    27 |    39 |    18 ||    84
  Block: Buckler           |    18 |    35 |    16 ||    69

Table legend: (Time is in decaauts)
 A = Elapsed time spent in this place.
 B = Non-inter-level travel time spent in this place.
 C = Inter-level travel time spent in this place.
 D = Time resting spent in this place.
 E = Time spent auto-exploring this place.
 F = Levels seen in this place.
 G = Mean time per level.
                   A        B        C        D        E       F      G
               +--------+--------+--------+--------+--------+-----+--------+
         Total |   3959 |   3137 |    822 |     31 |   2052 |   6 |  659.8 |
       Dungeon |   3922 |   3100 |    822 |     31 |   2046 |   5 |  784.4 |
        Temple |     36 |     36 |      0 |      0 |      6 |   1 |   36.0 |
               +--------+--------+--------+--------+--------+-----+--------+

Top non-repeatable levels by time:
     D:4: 1083 daAuts
     D:3: 975 daAuts
     D:2: 879 daAuts
     D:1: 520 daAuts
     D:5: 463 daAuts
  Temple: 36 daAuts
